 Dungeon Crawl Stone Soup version 0.29.0-4-gdea44cf6ec (webtiles) character file.

Game seed: 1570916238850244706

114 qw the Chopper (level 4, 0/26 HPs)
             Began as a Tengu Warper on Aug 28, 2022.
             Slain by Grinder (4 damage)
             ... on level 3 of the Dungeon.
             The game lasted 00:00:15 (3154 turns).

qw the Chopper (Tengu Warper)                       Turns: 3154, Time: 00:00:16

Health: 0/26       AC:  5    Str: 13    XL:     4   Next: 98%
Magic:  8/8        EV: 11    Int: 14    God:
Gold:   72         SH:  0    Dex: 13    Spells: 7/7 levels left

rFire   . . .      SeeInvis .   c - +1 war axe (flame)
rCold   . . .      Faith    .   (no shield)
rNeg    . . .      Spirit   .   i - +0 ring mail
rPois   +          Reflect  .   (helmet restricted)
rElec   .          Harm     .   (no cloak)
rCorr   .          Rampage  .   (no gloves)
Will    .....                   (boots unavailable)
Stlth   +.........              (no amulet)
HPRegen 0.08/turn               f - ring of poison resistance
MPRegen 0.11/turn               (no ring)

@: no status effects
A: beak, talons 3
a: no special abilities


You were on level 3 of the Dungeon.
You visited 1 branch of the dungeon, and saw 3 of its levels.

You collected 72 gold pieces.


Innate Abilities, Weirdness & Mutations

You have a beak for a mouth.
You have claws for feet.


   Skills:
 - Level 2.0 Fighting
 + Level 5.5 Axes
 - Level 1.0 Throwing
 - Level 1.1 Armour
 - Level 2.1 Dodging
 - Level 2.0 Spellcasting
 - Level 2.4 Translocations


You had 7 spell levels left.
You didn't know any spells.
Your spell library contained the following spells:

 Spells                   Type           Power      Damage    Failure   Level
 Blink                    Tloc           16%        N/A       28%         2
 Gell's Gravitas          Tloc           8%         N/A       50%         3
 Lesser Beckoning         Tloc           8%         N/A       50%         3
 Teleport Other           Tloc           8%         N/A       50%         3
 Manifold Assault         Tloc           8%         N/A       99%         5

Inventory:

Hand Weapons
 c - a +1 war axe of flaming (weapon)
Armour
 h - a +0 scale mail
 i - a +0 ring mail (worn)
Jewellery
 f - a ring of poison resistance (left hand)
Scrolls
 a - a scroll of identify
 g - a scroll of torment {unknown}
Potions
 b - a potion of heal wounds {unknown}
 d - a potion of curing {unknown}
 e - a potion of lignification {unknown}
 k - a potion of berserk rage {unknown}

Dungeon Overview and Level Annotations

Branches:
Dungeon (3/15)

Altars:

Annotations:
D:2 1 runed translucent door, Crazy Yiuf
D:3 Grinder


Message History

A dart slug is nearby!
The dart slug closely misses you.
You slash the dart slug! You burn the dart slug.
You kill the dart slug!
You start waiting.
Done waiting.
You see here a dart slug corpse.
Grinder comes into view.
Grinder shouts!
Grinder gestures at you.
You suddenly lose the ability to move!
Grinder gestures at you. You resist with significant effort.
A worm comes into view.
Grinder blinks!
You can move again.
You hit the worm. You burn the worm. You claw the worm.
The worm is severely wounded.
The worm bites you but does no damage.
Grinder says, "There's only one good use for a tongue: cutting it out."
You hit the worm. You burn the worm. You claw the worm.
You kill the worm!
Grinder gestures at you.
You suddenly lose the ability to move!
Grinder hits you.
You can move again.
You closely miss Grinder. You claw Grinder. You peck Grinder.
Grinder is lightly wounded.
Grinder hits you.
You closely miss Grinder. You claw Grinder. You peck Grinder, but do no damage.
Grinder is lightly wounded.
Grinder gestures at you.
You barely resist. Grinder hits you.
You closely miss Grinder. You claw Grinder.
Grinder is moderately wounded.
Grinder hits you!
You writhe in agony.
You hit Grinder. You burn Grinder.
Grinder is moderately wounded.
Grinder hits you.
You die...

#.......#.#...#.##.######
######..#.#####.##.#
#..#.......##.#
#..##########.# #..#
#.#### ...# #....# #.##
####.#
#####.##############.#
......5@...........%.#
#####.################ #


You could see Grinder.

Vanquished Creatures
  A gnoll (D:2)
  4 adders
  A worm (D:3)
  3 dart slugs
  An orc (D:3)
  6 endoplasms
  3 giant cockroaches
  3 goblins
  7 hobgoblins
  7 jackals
  A quokka (D:1)
  7 ball pythons
  5 bats
  A frilled lizard (D:1)
  3 kobolds
  4 rats
57 creatures vanquished.

Notes
Turn   | Place    | Note
-------+----------+-------------------------------------------
     0 | D:1      | qw the Tengu Warper began the quest for the Orb.
     0 | D:1      | Reached XP level 1. HP: 12/12 MP: 4/4
     0 | D:1      | 0 ||| qw: Version: 0.1-a-89-g26bdef1
     0 | D:1      | 0 ||| qw: Game counter: 1988
     0 | D:1      | 0 ||| qw: Always use a shield: true
     0 | D:1      | 0 ||| qw: God list: Okawaru
     0 | D:1      | 0 ||| qw: Allow faded altars: false
     0 | D:1      | 0 ||| qw: Do Orc after D:15 true
     0 | D:1      | 0 ||| qw: Do second Lair branch before Depths: true
     0 | D:1      | 0 ||| qw: Lair rune preference: random
     0 | D:1      | 0 ||| qw: Plans: Normal
     0 | D:1      | 0 ||| PLANNING D:1-11
   331 | D:1      | 331 ||| Stepping ~*~*~tactically~*~*~ (stealth).
   333 | D:1      | 333 ||| Stepping ~*~*~tactically~*~*~ (stealth).
   338 | D:1      | Reached skill level 3 in Axes
   338 | D:1      | Reached XP level 2. HP: 16/17 MP: 6/6
   348 | D:1      | 348 ||| Stepping ~*~*~tactically~*~*~ (stealth).
   349 | D:1      | 349 ||| Stepping ~*~*~tactically~*~*~ (stealth).
   788 | D:1      | 788 ||| Stepping ~*~*~tactically~*~*~ (stealth).
   810 | D:1      | 810 ||| Stepping ~*~*~tactically~*~*~ (stealth).
   982 | D:1      | Reached XP level 3. HP: 21/21 MP: 7/7
  1063 | D:1      | 1063 ||| Stepping ~*~*~tactically~*~*~ (stealth).
  1065 | D:1      | 1065 ||| Stepping ~*~*~tactically~*~*~ (stealth).
  1067 | D:1      | 1067 ||| Stepping ~*~*~tactically~*~*~ (stealth).
  1100 | D:1      | 1100 ||| Stepping ~*~*~tactically~*~*~ (hiding).
  1485 | D:1      | 1485 ||| UPGRADING to +0 ring mail.
  1495 | D:1      | 1495 ||| DROPPING +0 leather armour.
  1496 | D:1      | 1496 ||| READING 4 scrolls labelled LOUFROMUOR.
  1497 | D:1      | 1497 ||| READING scroll labelled FUMOW WIAPN.
  1498 | D:1      | 1498 ||| READING scroll labelled TOH ZEYRGHU.
  1499 | D:1      | 1499 ||| READING 3 scrolls of identify.
  1499 | D:1      | 1499 ||| IDENTIFYING fuming yellow potion
  1500 | D:1      | 1500 ||| READING 2 scrolls of identify.
  1500 | D:1      | 1500 ||| IDENTIFYING purple potion
  1501 | D:1      | 1501 ||| DROPPING scroll of blinking.
  1502 | D:1      | 1502 ||| DROPPING potion of brilliance.
  1503 | D:1      | 1503 ||| DROPPING potion of invisibility.
  1504 | D:1      | 1504 ||| Stepping randomly (stuck).
  1573 | D:2      | Reached skill level 4 in Axes
  1772 | D:2      | Found a runed translucent door.
  1773 | D:2      | Noticed Crazy Yiuf
  2018 | D:2      | 2018 ||| DROPPING +0 club.
  2043 | D:2      | 2043 ||| Stepping ~*~*~tactically~*~*~ (stealth).
  2070 | D:2      | 2070 ||| Stepping ~*~*~tactically~*~*~ (stealth).
  2073 | D:2      | 2073 ||| Stepping ~*~*~tactically~*~*~ (stealth).
  2078 | D:2      | 2078 ||| Stepping ~*~*~tactically~*~*~ (stealth).
  2176 | D:2      | Found a faded altar of an unknown god.
  2204 | D:2      | Reached XP level 4. HP: 23/26 MP: 8/8
  2283 | D:2      | 2283 ||| Stepping ~*~*~tactically~*~*~ (stealth).
  2284 | D:2      | 2284 ||| Stepping ~*~*~tactically~*~*~ (stealth).
  2645 | D:2      | Reached skill level 5 in Axes
  2772 | D:2      | 2772 ||| UPGRADING to ring of poison resistance.
  2773 | D:2      | 2773 ||| READING scroll labelled VUNTUO ACOXTO.
  2812 | D:2      | 2812 ||| READING 3 scrolls labelled KOPHUJ PEBBUA.
  2813 | D:2      | 2813 ||| DROPPING 2 scrolls of amnesia.
  2859 | D:3      | 2859 ||| SWAPPING to +1 war axe of flaming.
  2866 | D:3      | 2866 ||| DROPPING +0 whip.
  2867 | D:3      | 2867 ||| DROPPING +0 hand axe.
  3020 | D:3      | 3020 ||| Stepping ~*~*~tactically~*~*~ (hiding).
  3142 | D:3      | Noticed Grinder
  3142 | D:3      | Paralysed by Grinder for 5 turns
  3148 | D:3      | Paralysed by Grinder for 3 turns
  3153 | D:3      | HP: 5/26 [Grinder (8)]
  3154 | D:3      | Slain by Grinder

Levels and vault maps discovered:
D:1:      scummos_arrival_checkerplants, layout_loops_corners,
          minmay_pentomino_x2
D:2:      layout_loops_ring, chequers_ecumenical_altar_grove,
          kennysheep_generic_room_7, uniq_crazy_yiuf_cottage
D:3:      layout_basic, uniq_grinder

Skill      XL: |  1  2  3  4 |
---------------+-------------+-----
Axes           | 3 4 5 |  5.5
Fighting       | |  2.0
Throwing       | |  1.0
Armour         | |  1.1
Dodging        | |  2.1
Spellcasting   | |  2.0
Translocations | |  2.4

Action                   |  1- 3 |  4- 6 || total
-------------------------+-------+-------++-------
Melee: Hand axe          |    86 |    12 ||    98
       Kick              |    26 |    10 ||    36
       Peck              |    13 |     7 ||    20
       War axe           |       |    18 ||    18
Throw: Boomerang         |     7 |       ||     7
  Use: Scroll            |     5 |     2 ||     7
Armor: Leather armour    |    14 |       ||    14
       Ring mail         |     7 |     5 ||    12
Dodge: Dodged            |    39 |    13 ||    52

Table legend:
 A = Non-vault XP
 B = Vault XP
 C = Vault XP percentage of total XP
 D = Non-vault monster count
 E = Vault monster count
 F = Vault count percentage of total count
                 A         B        C        D         E       F
            +---------+---------+-------+---------+---------+-------
      Total |     148 |      16 |   9.8 |      55 |       2 |   3.5
            +---------+---------+-------+---------+---------+-------
        D:1 |      44 |       0 |   0.0 |      28 |       0 |   0.0
        D:2 |      57 |      16 |  21.9 |      18 |       2 |  10.0
        D:3 |      47 |       0 |   0.0 |       9 |       0 |   0.0
            +---------+---------+-------+---------+---------+-------
